 Dungeon Crawl Stone Soup version 0.22.1-1-ga44c0e56f4 (webtiles) character file.

1301 Mjsee792 the Fighter (level 8, -1/78 HPs)
             Began as a Minotaur Berserker on Oct 14, 2018.
             Was an Elder of Trog.
             Slain by a phantom (9 damage)
             ... on level 6 of the Dungeon.
             The game lasted 00:08:25 (5327 turns).

Mjsee792 the Fighter (Minotaur Berserker)           Turns: 5327, Time: 00:08:25

Health: -1/78      AC:  2    Str: 17    XL:     8   Next: 31%
Magic:  7/7        EV: 16    Int:  4    God:    Trog [****..]
Gold:   302        SH:  0    Dex: 12    Spells: 7/7 levels left

rFire    . . .     SeeInvis .   l - -3 spear (curse)
rCold    . . .     Gourm    .   (no shield)
rNeg     . . .     Faith    .   b - +0 animal skin
rPois    .         Spirit   .   (helmet restricted)
rElec    .         Reflect  .   (no cloak)
rCorr    .         Harm     .   (no gloves)
MR       +....                  (no boots)
Stlth    +.........             (no amulet)
HPRegen  0.23/turn              v - ring of protection from magic
MPRegen  0.10/turn              u - -5 ring of strength (curse)

@: berserk cooldown, starving, slowed, very slow
A: retaliatory headbutt, horns 2
a: Berserk, Trog's Hand, Brothers in Arms, Renounce Religion


You were on level 6 of the Dungeon.
You worshipped Trog.
Trog was greatly pleased with you.
You were starving.

You visited 1 branch of the dungeon, and saw 6 of its levels.

You collected 302 gold pieces.

Inventory:

Hand Weapons
 a - a +0 spear
 k - a +0 halberd
 l - a cursed -3 spear (weapon)
Armour
 b - a +0 animal skin (worn)
Jewellery
 t - an uncursed ring of poison resistance
 u - a cursed -5 ring of strength (right hand)
 v - a ring of protection from magic (left hand)
 y - an uncursed ring of flight {unknown}
Wands
 w - a wand of iceblast (2)
Scrolls
 e - 10 scrolls of identify
 n - 3 scrolls of amnesia {unknown}
 o - 2 scrolls of remove curse {unknown}
 r - 3 scrolls of enchant weapon {unknown}
 s - a scroll of teleportation {unknown}
 x - 2 scrolls of immolation {unknown}
Potions
 d - 7 potions of curing {unknown}
 f - a potion of cancellation {unknown}
 g - 2 potions of agility
 h - 2 potions of might {unknown}
 i - a potion of mutation {unknown}
 j - a potion of haste {unknown}
 m - a potion of heal wounds {unknown}
 p - 2 potions of invisibility {unknown}
 q - a potion of ambrosia {unknown}
Comestibles
 c - 15 rations


   Skills:
 + Level 9.4 Fighting
 - Level 3.6 Polearms
 + Level 4.1 Armour
 + Level 7.3 Dodging


You had 7 spell levels left.
You didn't know any spells.
Your spell library was empty.

Dungeon Overview and Level Annotations

Branches:
Dungeon (6/15)             Temple (0/1) D:4

Altars:

Shops:
D:4 ==%


Innate Abilities, Weirdness & Mutations

You reflexively headbutt those who attack you in melee.
You have a pair of horns on your head.


Message History

The sky beast is severely wounded.
You are no longer berserk.
You are exhausted.
You feel yourself slow down.
Evoke which item? (* to show all) (? for menu, Esc to quit)
Aiming: Iceblast
Press: ? - help, Shift-Dir - straight line The mass of ice explodes!
The iceblast engulfs the sky beast.
The sky beast is almost dead.
The sky beast flickers out of sight!
Deactivating autopickup; reactivate with Ctrl-A.
Something hits you.
* * * LOW HITPOINT WARNING * * *
Something shocks you.
* * * LOW HITPOINT WARNING * * *
Something closely misses you.
A sky beast appears from thin air!
Reactivating autopickup.
The phantom hits you!
You die...

......# ### .#####
.......## ..# ......
...§....# #.# ##
≈§≈§§§..###.# #.
§§$.§§...##.# #.
≈(.§§§...##.## #.
≈.$.≈...W#...############.
≈≈≈.≈.)§Y@.#..............
......†..#.###############
.........#.# ........##.#
#......##..# ####+## .##
.# #


You could see a phantom and a sky beast.

Vanquished Creatures
  Grinder (D:3)
  2 orc warriors
  A phantom (D:5)
  An ogre (D:5)
  A scorpion (D:5)
  A centaur zombie (D:4)
  A crimson imp (D:5)
  A jelly (D:5)
  A centaur skeleton (D:4)
  3 orc priests
  2 hounds
  3 orc wizards (D:5)
  Natasha (twice) (D:3)
  3 worker ants
  A hound skeleton (D:5)
  4 adders
  8 gnolls
  A shadow imp (D:5)
  An ooze (D:3)
  7 worms
  2 leopard geckos
  13 orcs
  4 giant cockroaches
  5 goblins
  10 hobgoblins
  2 jackals (D:4)
  6 kobolds
  2 quokkas
  9 bats
  4 frilled lizards
  A jackal skeleton (D:4)
  2 leopard gecko skeletons
  A quokka skeleton (D:4)
  9 rats
115 creatures vanquished.

Notes
Turn   | Place    | Note
-------+----------+-------------------------------------------
     0 | D:1      | Mjsee792 the Minotaur Berserker began the quest for the
                  | Orb.
     0 | D:1      | Reached XP level 1. HP: 19/19 MP: 0/0
    80 | D:1      | Reached skill level 4 in Fighting
   135 | D:1      | Reached XP level 2. HP: 27/27 MP: 1/1
   823 | D:2      | Reached XP level 3. HP: 34/34 MP: 2/2
   869 | D:2      | HP: 2/52 [gnoll/halberd (10)]
   873 | D:2      | Reached ** piety under Trog
   873 | D:2      | Reached skill level 5 in Fighting
  1160 | D:2      | Reached XP level 4. HP: 37/42 MP: 3/3
  2245 | D:3      | Noticed Grinder
  2261 | D:3      | Killed Grinder
  2261 | D:3      | Reached skill level 6 in Fighting
  2261 | D:3      | Reached XP level 5. HP: 7/51 MP: 4/4
  2261 | D:3      | Reached XP level 6. HP: 8/58 MP: 5/5
  2848 | D:3      | Noticed Natasha
  2854 | D:3      | Killed Natasha
  2857 | D:3      | Reached skill level 7 in Fighting
  3011 | D:3      | Noticed Natasha
  3026 | D:3      | Killed Natasha
  3426 | D:4      | Reached *** piety under Trog
  3456 | D:4      | Found Suraisar's Food Emporium.
  3469 | D:4      | Reached skill level 5 in Dodging
  3469 | D:4      | Reached XP level 7. HP: 54/67 MP: 6/6
  3733 | D:4      | Found Uroobanit's Jewellery Emporium.
  3734 | D:4      | Found Cine's Jewellery Shop.
  3751 | D:4      | You fall through a shaft for 2 floors!
  3854 | D:5      | Entered Level 5 of the Dungeon
  3864 | D:5      | Reached skill level 8 in Fighting
  4203 | D:4      | Found a staircase to the Ecumenical Temple.
  4625 | D:5      | Reached skill level 9 in Fighting
  4625 | D:5      | Reached XP level 8. HP: 78/78 MP: 7/7
  4641 | D:5      | Reached **** piety under Trog
  5327 | D:6      | Slain by a phantom

Skill      XL: |  1  2  3  4  5  6  7  8 |
---------------+-------------------------+-----
Fighting       | 4 5 6 7 9 |  9.4
Armour         | 3 4 |  4.1
Dodging        | 4 5 6 7 |  7.3
Polearms       | |  3.6

Action                   |  1- 3 |  4- 6 |  7- 9 || total
-------------------------+-------+-------+-------++-------
Melee: Spear             |    74 |   177 |   146 ||   397
       Headbutt          |     5 |    25 |    32 ||    62
Invok: Berserk           |     1 |     2 |     4 ||     7
Evoke: Wand              |       |       |     1 ||     1
  Use: Scroll            |     2 |       |       ||     2
 Stab: Sleeping          |       |     1 |     1 ||     2
  Eat: Ration            |     1 |     1 |       ||     2
       Chunk             |       |     5 |     7 ||    12
Armor: Animal skin       |     8 |    21 |     9 ||    38
Dodge: Dodged            |    24 |    74 |    95 ||   193
